 Dungeon Crawl Stone Soup version 0.32-a0-475-g46bb8dd (webtiles) character file.

Game seed: 14227027023403226792

2772264 sdynet the Conqueror (level 27, 249/249 HPs)
             Began as a Demonspawn Shapeshifter on Feb 24, 2024.
             Was an Initiate of Gozag.
             Escaped with the Orb
             ... and 5 runes on Feb 25, 2024!
             The game lasted 05:18:13 (88342 turns).

sdynet the Conqueror (Demonspawn Shapeshifter)     Turns: 88342, Time: 05:18:14

Health: 249/249    AC: 13    Str: 24    XL:     27
Magic:  31/33      EV: 27    Int: 18    God:    Gozag
Gold:   5074       SH:  0    Dex: 22    Spells: 19/56 levels left

rFire   + +          .
                       - Unarmed
rCold   + + .        u - orb of Dawn {light, rElec rCorr SInv}
rNeg    + + +        p - +3 robe of Clouds {*Thunder rCloud rElec}
rPois   ∞            (helmet unavailable)
rElec   +            Y - scarf of the Desert {+Inv, rPois rF+ MP-9 Int+3}
rCorr   +            P - +1 pair of gloves "Vanuug" {rF+ rC+}
SInv    +            z - +1 pair of boots of the Comet {Str+2}
Will    ++++.        i - amulet of regeneration
Stlth   +            h - ring of Uvvobb {rPois Will+ AC+4}
HPRegen 1.41/turn    q - ring of Barod {^Drain rN++ Int+3 Dex+2 Slay+4}
MPRegen 0.23/turn

%: clarity
@: death-form, gold aura, glowing, studying 4 skills
A: vile attack, torment immunity, no potions, horns 3, demonic guardian 3, spiny
3, augmentation 3, (sanguine armour 3), agile 1, clarity, wild magic 2
0: Orb of Zot
}: 5/15 runes: decaying, slimy, silver, golden, gossamer
a: Siphon Essence, Begin Untransformation, Renounce Religion, Evoke
Invisibility, Potion Petition, Call Merchant, Bribe Branch


You escaped.
You worshipped Gozag.
Gozag was greatly pleased with you.
You were an undying horror.
You visited 13 branches of the dungeon, and saw 59 of its levels.
You also visited: Gauntlet.

You collected 40512 gold pieces.
You spent 11109 gold pieces at shops.
You paid 24329 gold pieces to Gozag.

Inventory:

Missiles
 N - 4 throwing nets
Armour
 p - the +3 robe of Clouds (worn) {*Thunder rCloud rElec}
   (You bought it in a shop on level 1 of the Lair of Beasts)

   *Thunder:  It occasionally creates storm clouds above nearby enemies.
   rCloud:    It grants its wearer immunity to clouds.
   rElec:     It insulates you from electricity.
 u - the orb of Dawn (worn) {light, rElec rCorr SInv}
   (You took it off Frederick on level 3 of the Vaults)

   rElec:     It insulates you from electricity.
   SInv:      It lets you see invisible.
   rCorr:     It protects you from acid and corrosion.
 z - the +1 pair of boots of the Comet (worn) {Str+2}
   (You found it on level 9 of the Dungeon)

   Str+2:     It affects your strength (+2).
 P - the +1 pair of gloves "Vanuug" (worn) {rF+ rC+}
   (You found it on level 3 of the Swamp)

   rF+:       It protects you from fire.
   rC+:       It protects you from cold.
 Y - the scarf of the Desert (worn) {+Inv, rPois rF+ MP-9 Int+3}
   (You found it on level 4 of the Spider Nest)

   Int+3:     It affects your intelligence (+3).
   rF+:       It protects you from fire.
   rPois:     It protects you from poison MP-9: It affects your magic capacity
   (-9).
Jewellery
 h - the ring of Uvvobb (left hand) {rPois Will+ AC+4}
   (You found it on level 5 of the Pits of Slime)

   [ring of protection]

   AC+4:      It affects your AC (+4).
   rPois:     It protects you from poison Will+: It increases your willpower.
 i - an amulet of regeneration (around neck)
 q - the ring of Barod (right hand) {^Drain rN++ Int+3 Dex+2 Slay+4}
   (You found it on level 3 of the Crypt)

   [ring of slaying]

   Int+3:     It affects your intelligence (+3).
   Dex+2:     It affects your dexterity (+2).
   Slay+4:    It affects your accuracy & damage with ranged weapons and melee
   (+4).
   rN++:      It greatly protects you from negative energy.
   ^Drain:    It drains your maximum health when unequipped.
 v - a ring of wizardry
 H - the ring of Tumyumas {rC+ Dex+3}
   (You found it on level 11 of the Dungeon)

   [ring of protection from cold]

   Dex+3:     It affects your dexterity (+3).
   rC+:       It protects you from cold.
 J - the ring "Coall" {rN+++ Str+4 Int+6 Stlth-}
   (You found it on level 3 of the Tomb of the Ancients)

   [ring of intelligence]

   Str+4:     It affects your strength (+4).
   Int+6:     It affects your intelligence (+6).
   rN+++:     It renders you almost immune to negative energy.
   Stlth-:    It makes you less stealthy.
 Z - the ring "Piupnid" {rElec Will+ rCorr Str+3}
   (You found it on level 3 of the Tomb of the Ancients)

   [ring of resist corrosion]

   Str+3:     It affects your strength (+3).
   rElec:     It insulates you from electricity.
   Will+:     It increases your willpower.
   rCorr:     It protects you from acid and corrosion.
Talismans
 j - a talisman of death (active)
 k - the storm talisman "Imubizid" {rCorr Str+4}
   (You found it on level 5 of the Pits of Slime)

   [storm talisman]

   Str+4:     It affects your strength (+4).
   rCorr:     It protects you from acid and corrosion.
 S - a dragon-blood talisman
Wands
 c - a wand of light (8)
 r - a wand of digging (20)
 t - a wand of charming (9)
 x - a wand of iceblast (61)
 G - a wand of polymorph (14)
 X - a wand of mindburst (18)
Scrolls
 e - 7 scrolls of fear {!r}
 f - 6 scrolls of poison
 g - 7 scrolls of revelation {!r}
 o - 14 scrolls of vulnerability
 y - a scroll of silence {!r}
 C - a scroll of summoning {!r}
 E - 28 scrolls of teleportation {!r}
 F - 4 scrolls of immolation
 M - 12 scrolls of blinking
 U - 6 scrolls of fog {!r}
Potions
 a - 6 potions of heal wounds {!q}
 b - 5 potions of haste {!q}
 d - 10 potions of mutation
 m - 4 potions of brilliance {!q}
 n - 4 potions of might {!q}
 s - 2 potions of resistance {!q}
 A - 4 potions of cancellation {!q}
 B - 8 potions of attraction
 K - 3 potions of enlightenment {!q!q}
 L - 15 potions of curing {!q}
 O - 5 potions of invisibility {!q}
 V - 3 potions of berserk rage {!q}
 W - 3 potions of ambrosia {!q}
Miscellaneous
 w - a figurine of a ziggurat {!v}
 D - a phantom mirror
 I - a lightning rod (4/4)
 Q - a sack of spiders
 R - a phial of floods
 T - a tin of tremorstones (2/2)


   Skills:
 O Level 27 Fighting
 - Level 18.0 Dodging
 - Level 9.0 Stealth
 - Level 25.4 Unarmed Combat
 + Level 15.0 Spellcasting
 + Level 9.0 Summonings
 + Level 13.0 Translocations
 - Level 4.0 Earth Magic
 - Level 12.0 Evocations
 - Level 23.3 Shapeshifting


You had 19 spell levels left.
You knew the following spells:

 Your Spells              Type           Power      Damage    Failure   Level
a - Lesser Beckoning      Tloc           100%       N/A       1%          2
b - Teleport Other        Tloc           100%       N/A       1%          3
c - Manifold Assault      Tloc           100%       N/A       1%          4
d - Passage of Golubria   Tloc           100%       N/A       1%          4
e - Summon Forest         Summ/Tloc      56%        N/A       4%          5
f - Dispersal             Tloc           59%        N/A       10%         6
g - Malign Gateway        Summ/Tloc      56%        N/A       58%         7
q - Blink                 Tloc           100%       N/A       1%          2
A - Apportation           Tloc           100%       N/A       1%          1
P - Passwall              Erth           78%        N/A       8%          3

Your spell library contained the following spells:

 Spells                   Type           Power      Damage    Failure   Level
 Summon Small Mammal      Summ           100%       N/A       1%          1
 Call Imp                 Summ           100%       N/A       1%          2
 Gell's Gravitas          Tloc           100%       N/A       1%          3
 Momentum Strike          Conj/Tloc      100%       3d10      2%          2
 Sandblast                Erth           100%       2d20      3%          1
 Volatile Blastmotes      Fire/Tloc      100%       2d18      4%          3
 Animate Armour           Summ/Erth      100%       N/A       9%          4
 Iskenderun's Mystic Bla  Conj/Tloc      92%        2d18      9%          4
 Freeze                   Ice            100%       1d10      12%         1
 Kiss of Death            Conj/Necr      100%       2d13      12%         1
 Magic Dart               Conj           100%       1d8       12%         1
 Necrotise                Necr           100%       1d9       12%         1
 Shock                    Conj/Air       100%       1d9       12%         1
 Slow                     Hex            100%       N/A       12%         1
 Sting                    Conj/Alch      100%       1d9       12%         1
 Stone Arrow              Conj/Erth      100%       3d13      14%         3
 Ensorcelled Hibernation  Hex/Ice        94%        N/A       16%         2
 Jinxbite                 Hex            94%        N/A       16%         2
 Mercury Vapours          Alch/Air       94%        N/A       16%         2
 Sublimation of Blood     Necr           47%        N/A       16%         2
 Martyr's Knell           Necr/Summ      81%        N/A       17%         4
 Summon Blazeheart Golem  Fire/Summ      81%        N/A       17%         4
 Confusing Touch          Hex            47%        N/A       28%         3
 Dazzling Flash           Conj/Hex       94%        N/A       28%         3
 Frozen Ramparts          Ice            94%        1d15      28%         3
 Fugue of the Fallen      Necr           47%        N/A       28%         3
 Hailstorm                Conj/Ice       47%        3d10      28%         3
 Inner Flame              Hex/Fire       47%        N/A       28%         3
 Mephitic Cloud           Conj/Alch/Air  47%        N/A       28%         3
 Ozocubu's Armour         Ice            47%        N/A       28%         3
 Sigil of Binding         Hex            47%        N/A       28%         3
 Swiftness                Air            47%        N/A       28%         3
 Vampiric Draining        Necr           47%        2d9       28%         3
 Summon Cactus Giant      Summ           52%        N/A       34%         6
 Brom's Barrelling Bould  Conj/Erth      64%        2d8       36%         4
 Leda's Liquefaction      Alch/Erth      32%        N/A       36%         4
 Petrify                  Alch/Erth      64%        N/A       36%         4
 Summon Mana Viper        Hex/Summ       81%        N/A       36%         5
 Airstrike                Air            23%        2d(4-20)  61%         4
 Anguish                  Hex/Necr       23%        N/A       61%         4
 Cause Fear               Hex            23%        N/A       61%         4
 Dispel Undead            Necr           47%        3d18      61%         4
 Fulminant Prism          Conj/Alch      23%        3d12      61%         4
 Olgreb's Toxic Radiance  Alch           47%        N/A       61%         4
 Summon Hydra             Summ           52%        N/A       83%         7
 Alistair's Intoxication  Alch           31%        N/A       89%         5
 Arcjolt                  Conj/Air       23%        1d33      89%         5
 Curse of Agony           Necr           47%        N/A       89%         5
 Fireball                 Conj/Fire      23%        3d11      89%         5
 Irradiate                Conj/Alch      23%        3d19      89%         5
 Iskenderun's Battlesphe  Conj           47%        2d10      89%         5
 Metabolic Englaciation   Hex/Ice        23%        N/A       89%         5
 Silence                  Hex/Air        23%        N/A       89%         5
 Yara's Violent Unravell  Hex/Alch       23%        3d10      89%         5
 Disjunction              Tloc           59%        N/A       92%         8
 Conjure Ball Lightning   Conj/Air       23%        3x3d6     100%        6
 Death Channel            Necr           23%        N/A       100%        6
 Enfeeble                 Hex            23%        N/A       100%        7
 Haunt                    Necr/Summ      40%        N/A       100%        7
 Orb of Destruction       Conj           23%        9d8       100%        7
 Spellforged Servitor     Conj/Summ      40%        N/A       100%        7
 Borgnjor's Revivificati  Necr           23%        N/A       100%        8
 Ignition                 Fire           23%        3d8       100%        8
 Infestation              Necr           23%        N/A       100%        8
 Lehudib's Crystal Spear  Conj/Erth      32%        10d8      100%        8
 Summon Horrible Things   Summ           52%        N/A       100%        8
 Chain Lightning          Conj/Air       23%        3d31      100%        9
 Death's Door             Necr           23%        N/A       100%        9
 Dragon's Call            Summ           52%        N/A       100%        9


Dungeon Overview and Level Annotations

Branches:
Dungeon (15/15)            Temple (1/1) D:5            Lair (5/5) D:8
  Swamp (4/4) Lair:2       Spider (4/4) Lair:2        Slime (5/5) Lair:4
    Orc (2/2) D:9             Elf (3/3) Orc:2        Vaults (5/5) D:13
  Crypt (3/3) Vaults:2       Tomb (3/3) Crypt:3      Depths (4/4) D:15
    Zot (5/5) Depths:4    Gauntlet (visited)

Altars:
Ashenzari
Cheibriados
Dithmenos
Fedhas
Gozag
Hepliaklqana
Kikubaaqudgha
Makhleb
Nemelex Xobeh
Okawaru
Qazlal
Ru
Sif Muna
Trog
Uskayaw
Vehumet
Wu Jian
Xom
Yredelemnul
Beogh

Shops:
D:4 :   D:7 !(*(   D:11 **   D:12 :   D:13 **   Orc:2 **[*   Elf:1 ?   Elf:2 (
Elf:3 ([   Lair:1 [*   Vaults:1 ??*?   Vaults:3 [   Vaults:4 ((?(
Depths:1 :=:

Portals:
Hell: Depths:1 Depths:2 Depths:3 Depths:4
Abyss: Depths:1 Depths:2 Depths:3 Depths:4
Pandemonium: Depths:2
Ziggurat: Depths:3
Trove: Depths:2 (give horn of Geryon)

Annotations:
D:15 2 transporters
Swamp:3 2 transporters, Maup's ghost, adept DrBe
Zot:1 2 transporters, korenl137's ghost, legendary MfGl


Innate Abilities, Weirdness & Mutations

You are an undying horror.
Your melee and unarmed attacks drain, slow and weaken victims.
You are immune to unholy pain and torment.
You cannot drink.
You are immune to poison.
You have a pair of large horns on your head.
A powerful demonic guardian rushes to your aid.
You are completely covered in sharp spines.
Your magical and physical power is greatly enhanced at high health.
((When seriously injured, your blood forms very thick armour. (AC +0)))
You are agile. (Dex +4, Str/Int -1)
You possess an exceptional clarity of mind.
Your spells are harder to cast, but more powerful.


Message History

Things that are here:
a +0 whip; a +0 robe You now have 5042 gold pieces (gained 5).
An Ice Fiend comes into view.
You see here 16 gold pieces.
You now have 5058 gold pieces (gained 16).
The Ice Fiend gestures at you. The bolt of cold misses you.
There is a staircase leading out of the dungeon here.
Casting: Lesser Beckoning (safe; 1% risk of failure)
Confirm with . or Enter, or press ? or * to list all spells.
Aiming: Apportation (safe; 1% risk of failure)
Press: ? - help, Dir - move target Apport: a +0 whip
Okay, then.
Casting: Apportation (safe; 1% risk of failure)
Confirm with . or Enter, or press ? or * to list all spells.
Aiming: Lesser Beckoning (safe; 1% risk of failure)
Press: ? - help, Shift-Dir - straight line, f - Ice Fiend
Aim: an Ice Fiend (100% to hit)
The Ice Fiend hurls suddenly forward!
The Ice Fiend completely misses you. The Ice Fiend misses you.
You pummel the Ice Fiend like a punching bag!!!
The Ice Fiend decays.
You headbutt the Ice Fiend, but do no damage.
The Ice Fiend is heavily wounded.
You pummel the Ice Fiend like a punching bag!!!
You kill the Ice Fiend!
Training target 4.0 for Earth Magic reached!
Your Earth Magic skill increases to level 4!
You need to enable at least one skill for training.
Casting: Lesser Beckoning (safe; 1% risk of failure)
Confirm with . or Enter, or press ? or * to list all spells.
Aiming: Apportation (safe; 1% risk of failure)
Press: ? - help, Dir - move target Apport: 16 gold pieces Yoink!
You pull the items towards yourself.
You now have 5074 gold pieces (gained 16).
Char dumped successfully.
You have escaped!

##########..### #..#####.# ..#
#.#...#..#######..# #.# ..#
#.##.#####.....'#.# #.##
..###.##.# ##.......### #..#
...÷.....###.........## #.'####
..###.##.##...........## #)#§≈§≈
..# #.##+#.............# #.#≈§§.
.####.###..............####.#§..#
(..)...)........z.........#.#≈.##
.####.###..........)...##.#.#≈.#
........##.............+....#≈.#
##########+...........#######≈.##
############.........### #≈..#
...).......##.......##.######≈...
.##########.##.....###.....##≈§≈≈
.# #..####### #####.###### .#
#### #.# #.#


There were no monsters in sight!

Vanquished Creatures
  the Royal Jelly (Slime:5)
  2 dread liches
  Frederick (Vaults:3)
  3 orbs of fire
  An ancient lich (Vaults:5)
  Khufu (Crypt:2)
  Mara (D:15)
  Mennas (Tomb:1)
  A juggernaut (Depths:4)
  20 royal mummies
  Josephina (Zot:1)
  Bai Suzhen (Crypt:2)
  4 Killer Klowns
  2 curse toes
  Saint Roka (Vaults:1)
  Norris (Elf:3)
  Nikola (Vaults:3)
  The ghost of Caqes the Executioner, a veteran CoBe of Trog (Vaults:2)
  6 golden dragons
  A profane servitor (Crypt:3)
  Jory (Crypt:2)
  3 bone dragons
  An electric golem (Zot:5)
  A Tzitzimitl (D:1)
  Rupert (D:12)
  Jorgrun (Orc:2)
  2 Ice Fiends
  14 tentacled monstrosities
  Zenata (Crypt:3)
  15 Orb Guardians
  6 quicksilver dragons
  A walking earthen tome (Depths:3)
  2 deep elf blademasters (Elf:3)
  6 titans
  7 liches
  A titan (shapeshifter) (Zot:2)
  A quicksilver dragon (shapeshifter) (Zot:2)
  2 deep elf master archers (Elf:3)
  5 sphinxes
  21 acid blobs
  4 ancient champions
  The ghost of Vyimam the Brawler, an adept TrGl of Hepliaklqana (Depths:4)
  6 death cobs
  A shadow dragon (shapeshifter) (Zot:2)
  7 tengu reavers
  Kirke (D:14)
  Donald (Spider:4)
  12 shadow dragons
  6 protean progenitors
  4 draconian monks
  17 rockslimes
  Aizul (Vaults:1)
  3 draconian knights
  17 azure jellies
  2 rockslimes (shapeshifter) (Zot:2)
  5 storm dragons
  2 revenants
  3 iron dragons
  7 fire giants
  6 draconian shifters
  A daeva (Depths:3)
  8 frost giants
  7 deep elf sorcerers
  2 fenstrider witches
  Louise (Elf:3)
  7 ghost moths
  21 vault wardens
  6 draconian scorchers
  3 ghouls
  6 emperor scorpions
  7 deep elf elementalists (Elf:3)
  5 angels
  The ghost of Yclun the Markskobold, an adept KoHu of Hepliaklqana (Swamp:1)
  2 orc warlords (Vaults:1)
  A curse skull (Crypt:1)
  A reaper (D:1)
  18 quicksilver oozes
  19 stone giants
  18 ironbound preservers
  5 draconian annihilators
  A cacodemon (Zot:5)
  13 formless jellyfish
  6 ironbound thunderhulks
  3 broodmothers
  23 very ugly things
  2 eleionomae
  7 deep elf demonologists
  6 vampire knights
  A formless jellyfish (shapeshifter) (Zot:2)
  A lorocyproca (D:13)
  The ghost of 9stopf the Fighter, a journeyman OnWr of Cheibriados (Lair:1)
  10 deep elf death magi
  4 green draconians
  8 black draconians
  4 war gargoyles
  5 white draconians
  4 red draconians
  3 yellow draconians
  6 bunyips
  16 spark wasps
  10 dire elephants
  2 purple draconians
  5 deep elf annihilators
  5 eidola
  A crystal guardian (Vaults:3)
  17 mummy priests
  2 merfolk javelineers (Depths:2)
  6 ettins
  2 green deaths
  28 jiangshi
  A quicksilver dragon zombie (D:15)
  4 blizzard demons
  2 entropy weavers
  7 deep elf high priests
  A shambling mangrove (Swamp:3)
  17 yaktaur captains
  14 great orbs of eyes
  8 fire dragons
  3 rakshasas
  Harold (D:11)
  37 vault guards
  3 ogre magi (Vaults:5)
  10 hydras
  2 ghost crabs (Swamp:4)
  A catoblepas (D:15)
  A hell beast (Zot:5)
  6 spriggan air magi
  7 radroaches
  4 jorogumos
  An alligator (shapeshifter) (Depths:2)
  11 alligators
  2 centaur warriors (D:13)
  13 ice dragons
  15 ironbound frosthearts
  A two-headed ogre (shapeshifter) (Zot:3)
  4 death knights
  12 boulder beetles
  2 peacekeepers
  53 death scarabs
  13 death yaks (Lair:5)
  33 dancing weapons
  9 deep troll shamans
  6 two-headed ogres
  6 tengu warriors
  5 vampire magi
  6 orc high priests
  16 hell knights
  3 occultists
  7 spriggan berserkers
  8 demonic crawlers
  12 deep troll earth magi
  Urug (Lair:2)
  10 iron trolls
  10 spriggans
  21 deep elf knights
  2 sixfirhies (Zot:5)
  A spectral catoblepas (Crypt:3)
  A soul eater (Depths:4)
  3 pharaoh ants
  31 skeletal warriors
  Lodul (D:10)
  5 goliath frogs
  2 sea snakes (Vaults:4)
  4 skysharks (Elf:3)
  A storm dragon skeleton (Crypt:1)
  5 shadow wraiths (Crypt:3)
  3 sun moths
  A mana viper (shapeshifter) (Vaults:5)
  2 mana vipers (Vaults:4)
  A shadow demon (Depths:1)
  2 death drakes (Vaults:4)
  7 swamp dragons
  A spectral anaconda (Lair:5)
  2 spriggan druids
  A sea snake (shapeshifter) (Depths:2)
  9 deep elf archers
  2 glowing orange brains
  63 deep trolls
  8 arcanists
  An obsidian statue (Lair:5)
  6 flayed ghosts
  An orb spider (Spider:2)
  2 spectral alligators (Swamp:4)
  5 spectral hydras
  2 alligator zombies
  13 orc knights
  7 lindwurms
  9 phantasmal warriors
  22 deep elf zephyrmancers
  13 bog bodies
  10 ironbound convokers
  15 necromancers
  A death drake (shapeshifter) (Vaults:5)
  39 deep elf pyromancers
  10 harpies
  An iron giant skeleton (Crypt:1)
  39 ugly things
  19 wolf spiders
  6 orc sorcerers
  A steelbarb worm (Spider:1)
  A frost giant zombie (Crypt:2)
  6 shining eyes
  5 will-o-the-wisps
  2 manticores (D:12)
  7 cyclopes
  A toenail golem (D:4)
  A moth of wrath (shapeshifter) (Vaults:5)
  2 meliai
  25 moths of wrath
  A kobold blastminer (Orc:2)
  4 black mambas
  A centaur zombie (Tomb:1)
  19 vault sentinels
  Joseph (D:10)
  38 elephants
  A naga mage (Vaults:4)
  A pale draconian zombie (Crypt:2)
  A frost giant skeleton (Vaults:4)
  4 torpor snails
  9 large abominations
  A gargoyle (D:11)
  A water nymph (shapeshifter) (Vaults:5)
  3 naga zombies
  3 eyes of devastation
  4 dire elephant skeletons
  A titan simulacrum (Vaults:4)
  A steelbarb worm zombie (Crypt:2)
  2 rime drakes
  9 cane toads
  An elephant slug zombie (Crypt:1)
  2 unseen horrors (Depths:4)
  4 komodo dragons
  26 yaktaurs
  Maggie (D:10)
  5 kobold demonologists
  A minotaur zombie (Gauntlet)
  An anaconda simulacrum (Crypt:3)
  An alligator snapping turtle skeleton (Tomb:2)
  2 tengu conjurers
  9 freezing wraiths
  A ghost moth simulacrum (Zot:1)
  A spectral harpy (Crypt:3)
  A swamp worm zombie (Swamp:4)
  21 guardian mummies
  A harpy zombie (Tomb:1)
  6 trolls
  3 polar bears
  3 bloated husks (Swamp:4)
  4 hydra zombies
  A queen bee (shapeshifter) (D:13)
  A hellwing (D:1)
  5 glass eyes
  11 hornets
  8 dream sheep
  38 tarantellas
  Grinder (D:3)
  14 tyrant leeches
  A spriggan zombie (D:15)
  17 blink frogs
  2 spectral swamp dragons (Swamp:4)
  29 jumping spiders
  20 culicivoras
  A centaur simulacrum (D:15)
  3 vampires
  A spectral black mamba (Gauntlet)
  4 air elementals
  103 slime creatures
  39 yaks
  21 ushabtiu
  4 shadows (Crypt:3)
  5 tyrant leech zombies (Swamp:4)
  2 fire elementals
  3 wraiths
  9 water elementals
  6 wyverns
  A steam dragon (D:8)
  4 basilisks
  A fire bat (D:12)
  2 wargs
  A black mamba skeleton (Tomb:1)
  11 golden eyes
  7 vampire mosquitoes
  A white draconian simulacrum (Zot:1)
  A green draconian simulacrum (Zot:1)
  A chaos spawn (Depths:4)
  52 redbacks
  A spectral cane toad (Lair:5)
  7 small abominations
  A harpy simulacrum (Crypt:1)
  An acid dragon (D:12)
  14 swamp worms
  A swamp worm (shapeshifter) (Vaults:5)
  2 hell hounds (Gauntlet)
  18 water moccasins
  21 orc warriors
  2 moth of wrath simulacra (Zot:1)
  A water nymph skeleton (Crypt:2)
  19 laughing skulls
  4 swamp dragon zombies (Swamp:4)
  5 black bears
  An elephant zombie (Lair:5)
  21 ogres
  23 wolves
  A blink frog skeleton (Crypt:1)
  2 human skeletons
  10 centaurs
  2 elephant skeletons (Lair:5)
  7 phantoms
  A weeping skull (Crypt:3)
  7 kobold brigands
  2 gnoll sergeants
  A scorpion (D:5)
  15 bullfrogs
  2 earth elementals
  A cane toad simulacrum (Lair:5)
  4 burial acolytes (Crypt:3)
  10 wights
  2 elephant simulacra (Lair:5)
  A queen bee zombie (Crypt:2)
  5 killer bees (D:10)
  2 spriggan skeletons
  3 howler monkeys
  4 electric eels
  4 bombardier beetles
  A black bear zombie (Crypt:1)
  3 hounds
  7 jellies
  20 orc priests
  2 gnoll boudas
  4 iguanas
  2 sleepcaps
  20 orc wizards
  A crocodile skeleton (Crypt:1)
  42 mummies
  13 gnolls
  8 adders
  5 white imps
  4 ufetubi
  2 ribbon worms
  4 dart slugs
  93 orcs
  9 endoplasms
  5 giant cockroaches
  8 goblins
  5 hobgoblins (D:1)
  4 jackals
  4 quokkas
  2 ball pythons
  5 bats
  5 frilled lizards
  21 kobolds
  11 rats
  A rat skeleton (Crypt:2)
  An aspiring flesh (Zot:3)
  A snaplasher vine (Zot:2)
2600 creatures vanquished.

Vanquished Creatures (collateral kills)
  A dread lich (Zot:5)
  3 royal mummies
  4 Killer Klowns (Zot:5)
  The ghost of Izusibb the Metallomancer, a veteran DjCj of Makhleb (Vaults:2)
  An electric golem (Zot:5)
  11 Orb Guardians (Zot:5)
  A quicksilver dragon (Depths:3)
  4 sphinxes
  2 ancient champions
  2 draconian monks
  A draconian knight (Zot:5)
  A fire giant (Depths:3)
  2 vault wardens
  A ghost moth (Zot:5)
  A quicksilver ooze (Slime:5)
  2 very ugly things (Depths:1)
  A stone giant (Depths:1)
  2 broodmothers (Spider:4)
  A red draconian (Depths:4)
  A green draconian (Depths:4)
  A white draconian (Zot:5)
  2 vampire knights (Crypt:3)
  A minotaur (Gauntlet)
  A dire elephant (Lair:5)
  3 spark wasps
  An ettin (Depths:4)
  2 mummy priests
  2 jiangshi
  A hell beast (Gauntlet)
  2 vault guards (Vaults:1)
  An ice dragon (Depths:3)
  A hydra (Lair:5)
  An ironbound frostheart (Vaults:3)
  2 deep troll earth magi
  A boulder beetle (Zot:2)
  29 death scarabs (Tomb:3)
  A deep troll shaman (Depths:3)
  A tengu warrior (Depths:3)
  2 hell knights
  A demonic crawler (Spider:4)
  An occultist (Depths:1)
  A storm dragon zombie (D:15)
  3 skeletal warriors
  6 deep trolls
  A flayed ghost (Crypt:1)
  A glowing orange brain (Depths:3)
  A phantasmal warrior (Crypt:2)
  2 ironbound convokers (Vaults:4)
  3 necromancers
  2 orc knights (Orc:2)
  4 ugly things
  A deep elf pyromancer (Elf:1)
  9 elephants
  A moth of wrath (Zot:5)
  A vault sentinel (Vaults:4)
  2 meliai (D:15)
  A kobold blastminer (Orc:2)
  2 torpor snails
  A black mamba (Lair:1)
  A minotaur zombie (Gauntlet)
  A yaktaur (Vaults:4)
  An efreet (D:15)
  2 komodo dragons
  12 guardian mummies
  A hornet (Swamp:3)
  An ettin zombie (Crypt:1)
  A glass eye (Depths:3)
  2 blink frogs (Lair:1)
  3 jumping spiders (Spider:4)
  7 slime creatures
  3 culicivoras (Spider:4)
  7 yaks (Lair:1)
  A spriggan (Depths:3)
  An ushabti (Tomb:1)
  2 basilisks (Lair:1)
  A steam dragon (D:6)
  4 redbacks (Spider:4)
  A water moccasin (Lair:1)
  A sky beast (shapeshifter) (Vaults:5)
  An ice beast (D:5)
  A laughing skull (Crypt:3)
  A wolf (Lair:3)
  A bullfrog (Lair:3)
  A howler monkey (D:12)
  3 orc priests
  A sleepcap (D:6)
  2 orc wizards (Orc:2)
  A tengu zombie (Crypt:1)
  4 mummies (Tomb:3)
  An adder (D:4)
  A shadow imp (D:6)
  An ufetubus (D:6)
  6 orcs
220 creatures vanquished.

Vanquished Creatures (others)
  2 royal mummies (Tomb:3)
  A Killer Klown (Zot:5)
  2 ancient champions (Tomb:3)
  A caustic shrike skeleton (Tomb:3)
  A mummy priest (Tomb:3)
  16 death scarabs (Tomb:3)
  2 deep elf zephyrmancers (Elf:2)
  A phantasmal warrior (Swamp:4)
  2 ironbound convokers (Vaults:4)
  A deep elf pyromancer (Elf:2)
  A wolf spider (Spider:3)
  2 vault sentinels (Vaults:3)
  4 guardian mummies (Tomb:3)
  3 yaktaurs
  5 bloated husks
  2 tarantellas
  2 culicivoras
  A centaur simulacrum (D:14)
  2 humans (D:14)
  An ushabti (Tomb:3)
  A yak (Lair:1)
  A redback (Spider:3)
  A wolf (Lair:5)
  A gnoll sergeant (D:9)
  A mummy (Tomb:3)
  An orc (Elf:1)
  12 foxfires
  4 snaplasher vines
74 creatures vanquished.

Grand Total: 2894 creatures vanquished

Notes
Turn   | Place    | Note
-------+----------+-------------------------------------------
     0 | D:1      | sdynet the Demonspawn Shapeshifter began the quest for the
                  | Orb.
     0 | D:1      | Reached XP level 1. HP: 15/15 MP: 1/1
   214 | D:1      | Gained mutation: You have a pair of small horns on your
                  | head. [demonic ancestry]
   214 | D:1      | Reached XP level 2. HP: 17/21 MP: 2/2
   309 | D:1      | Reached skill level 1 in Stealth
   436 | D:1      | Reached skill level 2 in Fighting
   790 | D:1      | Gained mutation: You have a pair of horns on your head.
                  | [demonic ancestry]
   790 | D:1      | Reached XP level 3. HP: 27/27 MP: 3/3
  1188 | D:2      | Reached skill level 3 in Fighting
  1731 | D:3      | Reached XP level 4. HP: 37/37 MP: 4/4
  1864 | D:3      | Reached skill level 4 in Fighting
  1952 | D:3      | Gained mutation: A weak demonic guardian rushes to your
                  | aid. [demonic ancestry]
  1952 | D:3      | Reached XP level 5. HP: 36/43 MP: 5/5
  2292 | D:3      | Reached skill level 5 in Fighting
  2565 | D:3      | Noticed Grinder
  2573 | D:3      | Paralysed by Grinder for 3 turns
  2578 | D:3      | Killed Grinder
  2579 | D:3      | Gained mutation: A demonic guardian rushes to your aid.
                  | [demonic ancestry]
  2579 | D:3      | Reached XP level 6. HP: 46/52 MP: 6/6
  2986 | D:4      | Found Barigg's Book Shop.
  3034 | D:4      | Reached skill level 6 in Fighting
  3321 | D:4      | Gained mutation: When seriously injured, your blood forms
                  | armour. (AC +0) [demonic ancestry]
  3321 | D:4      | Reached XP level 7. HP: 58/58 MP: 7/7
  3407 | D:5      | Entered Level 5 of the Dungeon
  3718 | D:5      | Identified the orb of Light {light, rElec rCorr Dex-2
                  | Hexes}
  3735 | D:5      | Reached skill level 7 in Fighting
  3929 | D:5      | Found a staircase to the Ecumenical Temple.
  3936 | Temple   | Entered the Ecumenical Temple
  3967 | Temple   | Became a worshipper of Gozag Ym Sagoz the Greedy
  4182 | D:5      | Reached skill level 8 in Fighting
  4186 | D:5      | Reached XP level 8. HP: 61/68 MP: 8/8
  4323 | D:5      | Reached skill level 9 in Fighting
  5037 | D:6      | Identified the +5 hand axe of Resourcefulness {protect,
                  | rElec rPois Will+ Int+3}
  5744 | D:7      | Found Tunuabim's Distillery.
  5750 | D:7      | Bought a potion of cancellation for 96 gold pieces
  5750 | D:7      | Bought a potion of mutation for 96 gold pieces
  5786 | D:7      | Reached skill level 5 in Unarmed Combat
  5812 | D:7      | Found Xorhusch's Assorted Antiques.
  5819 | D:7      | Reached skill level 10 in Fighting
  5819 | D:7      | Reached XP level 9. HP: 78/78 MP: 9/9
  5829 | D:7      | Bought a scroll labelled MOUPIGIH GUELA for 18 gold pieces
  5829 | D:7      | Bought a scroll labelled FUAXY QUROME for 18 gold pieces
  5829 | D:7      | Bought a scroll labelled FUAXY QUROME for 18 gold pieces
  5829 | D:7      | Bought a sharpened lead wand for 72 gold pieces
  5829 | D:7      | Bought a scroll of identify for 36 gold pieces
  6510 | D:7      | Found Sadecoat's Weapon Boutique.
  6834 | D:7      | Found Hyecar Teaq's Weapon Emporium.
  7072 | D:8      | Noticed an elephant
  7074 | D:8      | Found a staircase to the Lair.
  7077 | D:8      | Reached skill level 11 in Fighting
  7082 | D:8      | Killed an elephant
  7408 | D:8      | Reached XP level 10. HP: 55/88 MP: 10/10
  7543 | D:8      | Reached skill level 1 in Evocations
  8014 | D:9      | Found a shadowy altar of Dithmenos.
  8301 | D:9      | Reached skill level 12 in Fighting
  8408 | D:9      | Noticed a two-headed ogre
  8417 | D:9      | Killed a two-headed ogre
  8877 | D:9      | Identified the +1 pair of boots of the Comet {Str+2}
  9104 | D:9      | Found a staircase to the Orcish Mines.
  9421 | Lair:1   | Entered Level 1 of the Lair of Beasts
  9421 | Lair:1   | Noticed a black mamba
  9434 | Lair:1   | Killed a black mamba
  9442 | Lair:1   | Reached skill level 13 in Fighting
  9455 | Lair:1   | Gained mutation: You are partially covered in sharp spines.
                  | [demonic ancestry]
  9455 | Lair:1   | Reached XP level 11. HP: 19/98 MP: 11/11
  9758 | Lair:1   | Found a transporter.
  9762 | Lair:1   | Noticed 9stopf's ghost (journeyman OnWr)
 10023 | Lair:1   | Reached skill level 10 in Unarmed Combat
 10106 | Lair:1   | Found a transporter.
 10287 | Lair:1   | Reached skill level 14 in Fighting
 10863 | Lair:2   | Identified the +1 robe of the Arcane {Regen+ Str+2}
 11252 | Lair:2   | Noticed Urug
 11266 | Lair:2   | Killed Urug
 11341 | Lair:2   | Found a staircase to the Swamp.
 11341 | Lair:2   | Noticed an eleionoma
 11352 | Lair:2   | Killed an eleionoma
 11353 | Lair:2   | Reached XP level 12. HP: 61/108 MP: 12/12
 11545 | Lair:2   | Reached skill level 15 in Fighting
 11947 | Lair:2   | Found a hole to the Spider Nest.
 12510 | Lair:3   | Found a hide-covered altar of Uskayaw.
 12526 | Lair:3   | Found an ornate altar of the Wu Jian Council.
 12526 | Lair:3   | Noticed a boulder beetle
 12542 | Lair:3   | Killed a boulder beetle
 12543 | Lair:3   | Reached skill level 16 in Fighting
 12819 | Lair:3   | Identified the +6 great mace of the Modern Persimmons
                  | {heavy, *Slow Will+ Str+4}
 13077 | Lair:4   | Gained mutation: When seriously injured, your blood forms
                  | thick armour. (AC +0) [demonic ancestry]
 13077 | Lair:4   | Reached XP level 13. HP: 110/119 MP: 13/13
 13162 | Lair:4   | Found a staircase to the Slime Pits.
 13292 | Lair:4   | Found a gate leading to a gauntlet.
 13304 | Gauntlet | Entered a Gauntlet
 13304 | Gauntlet | Found a transporter.
 13313 | Gauntlet | Found a transporter.
 13328 | Gauntlet | Found a transporter.
 13333 | Gauntlet | Found a transporter.
 13340 | Gauntlet | Noticed a dire elephant
 13348 | Gauntlet | Found a transporter.
 13367 | Gauntlet | Found a transporter.
 13379 | Gauntlet | Found a transporter.
 13391 | Gauntlet | Found a transporter.
 13391 | Gauntlet | Noticed a balrug
 13403 | Gauntlet | Found a transporter.
 13415 | Gauntlet | Found a transporter.
 13422 | Gauntlet | Noticed a reaper
 13436 | Gauntlet | Found a transporter.
 13449 | Gauntlet | Found a transporter.
 13451 | Gauntlet | Found a transporter.
 13477 | Gauntlet | Found a transporter.
 13479 | Gauntlet | Found a transporter.
 13499 | Gauntlet | Found a transporter.
 13577 | Gauntlet | Found a transporter.
 13615 | Gauntlet | Found a transporter.
 13960 | Gauntlet | Identified the ring of Yqituos {Will+ Int+2 Dex+4 Slay-4}
 14001 | Gauntlet | Noticed a minotaur
 14019 | Gauntlet | Killed a minotaur
 14144 | Lair:4   | Reached skill level 17 in Fighting
 14875 | Lair:5   | Entered Level 5 of the Lair of Beasts
 15074 | Lair:4   | Upgraded the game from 0.32-a0-468-g38b2580 to
                  | 0.32-a0-471-gb91d5d9
 15429 | Lair:5   | Reached skill level 15 in Unarmed Combat
 15429 | Lair:5   | Gained mutation: When seriously injured, your blood forms
                  | very thick armour. (AC +0) [demonic ancestry]
 15429 | Lair:5   | Reached XP level 14. HP: 119/129 MP: 14/14
 15445 | Lair:5   | Reached skill level 18 in Fighting
 16485 | Lair:5   | Gained mutation: You are frail. (-10% HP) [potion of
                  | mutation]
 16485 | Lair:5   | Gained mutation: Your magical capacity is low. (-10% MP)
                  | [potion of mutation]
 16485 | Lair:5   | Lost mutation: You are frail. (-10% HP) [potion of
                  | mutation]
 16485 | Lair:5   | Gained mutation: Your muscles are strong. (Str +4, Int/Dex
                  | -1) [potion of mutation]
 16779 | Lair:5   | Identified the ring "Bank" {rElec Will- MP+9 AC+4 Stlth-}
 16993 | Orc:1    | Entered Level 1 of the Orcish Mines
 17005 | Orc:1    | Reached skill level 19 in Fighting
 17555 | Orc:2    | Entered Level 2 of the Orcish Mines
 18234 | Orc:2    | Gained mutation: You are mostly covered in sharp spines.
                  | [demonic ancestry]
 18234 | Orc:2    | Reached XP level 15. HP: 121/139 MP: 13/13
 18333 | Orc:2    | Found Kuschiu's Assorted Antiques.
 18333 | Orc:2    | Found Kuso's Assorted Antiques.
 18335 | Orc:2    | Found Kody's General Store.
 18335 | Orc:2    | Found Zames's Antique Armour Boutique.
 18372 | Orc:2    | Found a staircase to the Elven Halls.
 18510 | Orc:2    | Found a roughly hewn altar of Beogh.
 18524 | Orc:2    | Noticed Jorgrun
 18536 | Orc:2    | Killed Jorgrun
 18839 | Orc:2    | Bought a pair of runed gloves for 262 gold pieces
 18854 | Orc:2    | Bought a blackened peridot ring for 105 gold pieces
 18870 | Orc:2    | Bought 2 scrolls of immolation for 200 gold pieces
 18923 | D:10     | Entered Level 10 of the Dungeon
 18964 | D:10     | Noticed Joseph
 18998 | D:10     | Killed Joseph
 19191 | D:10     | Noticed Maggie
 19202 | D:10     | Killed Maggie
 19466 | D:10     | Found a hide-covered altar of Uskayaw.
 19742 | D:10     | Reached skill level 1 in Spellcasting
 19833 | D:10     | Found Cuob Zea's Self-Improvement Boutique.
 19854 | D:10     | Bought a manual of Dodging for 1200 gold pieces
 19937 | D:11     | Found Nonlack's Specific Store.
 20122 | D:11     | Found Ysaimium's General Store.
 20378 | D:11     | Identified the ring of Tumyumas {rC+ Dex+3}
 20584 | D:11     | Noticed Harold
 20603 | D:11     | Killed Harold
 20829 | D:11     | Learned a level 1 spell: Apportation
 20832 | D:11     | Learned a level 2 spell: Blink
 21194 | D:12     | Noticed Rupert
 21484 | Lair:1   | Bought the +3 robe of Clouds {*Thunder rCloud rElec} for
                  | 683 gold pieces
 21484 | Lair:1   | Found the +3 robe of Clouds {*Thunder rCloud rElec}
 21568 | Swamp:1  | Entered Level 1 of the Swamp
 21568 | Swamp:1  | Noticed Yclun's ghost (adept KoHu)
 21568 | Swamp:1  | Found a runed translucent door.
 21767 | Swamp:1  | Reached skill level 5 in Dodging
 21983 | Swamp:1  | Reached skill level 20 in Fighting
 21983 | Swamp:1  | Noticed a fenstrider witch
 21994 | Swamp:1  | Killed a fenstrider witch
 22498 | Swamp:1  | Killed Yclun's ghost
 23409 | Spider:1 | Entered Level 1 of the Spider Nest
 23663 | Orc:2    | Bought a masterwork plate armour for 700 gold pieces
 23663 | Orc:2    | Identified the +1 plate armour "Mude" {Dex+2} (You bought
                  | it in a shop on level 2 of the Orcish Mines)
 23699 | Elf:1    | Entered Level 1 of the Elven Halls
 23715 | Elf:1    | Reached XP level 16. HP: 138/150 MP: 11/18
 23833 | Elf:1    | HP: 7/150 [deep elf archer/arrow (9)]
 24006 | Elf:1    | Got the Incunabulum of the Guild-Master
 24122 | Elf:1    | Noticed a Hell Sentinel
 24124 | Elf:1    | HP: 5/150 [deep elf high priest/a malign offering (21)]
 24128 | Elf:1    | Gained mutation: Your body sometimes deteriorates upon
                  | taking damage. [a neqoxec]
 24237 | Elf:1    | Found Otiott's Magic Scroll Emporium.
 24242 | Elf:1    | Bought a scroll of poison for 68 gold pieces
 24452 | Elf:1    | Lost mutation: Your muscles are strong. (Str +4, Int/Dex
                  | -1) [potion of mutation]
 24452 | Elf:1    | Lost mutation: Your magical capacity is low. (-10% MP)
                  | [potion of mutation]
 24452 | Elf:1    | Gained mutation: Your muscles are strong. (Str +4, Int/Dex
                  | -1) [potion of mutation]
 24453 | Elf:1    | Lost mutation: Your muscles are strong. (Str +4, Int/Dex
                  | -1) [potion of mutation]
 24453 | Elf:1    | Lost mutation: Your body sometimes deteriorates upon taking
                  | damage. [potion of mutation]
 24453 | Elf:1    | Gained mutation: You are agile. (Dex +4, Str/Int -1)
                  | [potion of mutation]
 24453 | Elf:1    | Gained mutation: You have hidden genetic potential. [potion
                  | of mutation]
 24719 | Elf:1    | Noticed a Tzitzimitl
 24721 | Elf:1    | Found a runed translucent gate.
 24721 | Elf:1    | Found a runed translucent gate.
 24721 | Elf:1    | Found a runed translucent gate.
 24721 | Elf:1    | Found a runed translucent gate.
 24721 | Elf:1    | Found a runed translucent gate.
 24726 | Elf:1    | Found a runed translucent gate.
 24726 | Elf:1    | Noticed a storm dragon
 24860 | Elf:1    | Identified the +1 leather armour of the Devil's Team {rF+
                  | Int-2 Dex+4}
 25236 | Elf:1    | Reached skill level 21 in Fighting
 25476 | Elf:2    | Found Huxa's Antique Weapon Shoppe.
 25479 | Elf:2    | Paralysed by an air elemental for 1 turns
 26267 | Elf:2    | Found a runed translucent gate.
 26268 | Elf:2    | Found a runed translucent gate.
 26268 | Elf:2    | Found a runed translucent gate.
 26485 | Elf:3    | Entered Level 3 of the Elven Halls
 26669 | Elf:3    | Noticed Norris
 26718 | Elf:3    | Learned a level 3 spell: Passwall
 26740 | Elf:3    | Found Fynwoish's Antique Weapon Emporium.
 26767 | Elf:3    | Killed Norris
 26768 | Elf:3    | Reached skill level 10 in Dodging
 26775 | Elf:3    | Found Fechi's Armour Emporium.
 27016 | D:12     | Gained mutation: You have a pair of large horns on your
                  | head. [demonic ancestry]
 27016 | D:12     | Reached XP level 17. HP: 84/158 MP: 16/21
 27057 | D:12     | Killed Rupert
 27385 | D:12     | Found Kuwaihuc's Book Shoppe.
 27885 | D:13     | Found Myanagob's General Store.
 27948 | D:13     | Found Ollon's Demolitions Depot.
 27956 | D:13     | Bought a scroll of immolation for 72 gold pieces
 28139 | D:13     | Found a gate to the Vaults.
 28676 | D:14     | Found a bloodstained altar of Trog.
 28854 | D:14     | Gained mutation: Your spells are a little harder to cast,
                  | but a little more powerful. [hidden potential]
 29017 | D:14     | Noticed Kirke
 29023 | D:14     | Killed Kirke
 29113 | D:14     | Reached skill level 5 in Stealth
 29590 | D:15     | Entered Level 15 of the Dungeon
 29590 | D:15     | Found a staircase to the Depths.
 30174 | D:15     | Found a transporter.
 30322 | D:15     | Reached skill level 22 in Fighting
 30537 | D:15     | Found a transporter.
 30554 | D:15     | Found a transporter.
 30554 | D:15     | Found a transporter.
 31588 | Swamp:3  | Noticed Maup's ghost (adept DrBe)
 31593 | Swamp:3  | Found a transporter.
 31607 | Swamp:3  | Found a transporter.
 31799 | Swamp:3  | Identified the +1 pair of gloves "Vanuug" {rF+ rC+}
 32111 | D:10     | Bought a manual of Dodging for 1200 gold pieces
 32217 | Elf:1    | Bought a scroll of blinking for 127 gold pieces
 32217 | Elf:1    | Bought a scroll of fog for 68 gold pieces
 32217 | Elf:1    | Bought a scroll of silence for 161 gold pieces
 32359 | D:13     | Bought a scroll of silence for 123 gold pieces
 32359 | D:13     | Bought a scroll of fear for 52 gold pieces
 32359 | D:13     | Bought a wand of digging (5) for 273 gold pieces
 32484 | Lair:1   | Killed 9stopf's ghost
 33260 | Swamp:4  | Entered Level 4 of the Swamp
 33420 | Swamp:4  | Identified the staff "Byanuv Enoad" {rElec rF+ Earth}
 33511 | Swamp:4  | Gained mutation: You are completely covered in sharp
                  | spines. [demonic ancestry]
 33511 | Swamp:4  | Reached XP level 18. HP: 151/169 MP: 19/22
 34648 | Swamp:4  | Noticed a bone dragon
 34671 | Swamp:4  | Killed a bone dragon
 34688 | Swamp:4  | Gained mutation: You possess an exceptional clarity of
                  | mind. [hidden potential]
 34688 | Swamp:4  | Lost mutation: You have hidden genetic potential. [hidden
                  | potential expressed]
 34707 | Swamp:4  | Got a decaying rune of Zot
 36706 | Spider:2 | Reached skill level 15 in Dodging
 36951 | Spider:2 | Identified the +3 battleaxe of False Accusations {drain,
                  | rC++}
 37031 | Spider:2 | Reached skill level 23 in Fighting
 37857 | Spider:4 | Entered Level 4 of the Spider Nest
 38468 | Spider:4 | Gained mutation: Your magical and physical power is
                  | slightly enhanced at high health. [demonic ancestry]
 38468 | Spider:4 | Reached XP level 19. HP: 150/178 MP: 1/23
 38892 | Spider:4 | Reached skill level 5 in Evocations
 39024 | Spider:4 | Noticed Donald
 39032 | Spider:4 | Killed Donald
 39195 | Spider:4 | Gained mutation: Your magical and physical power is
                  | enhanced at high health. [demonic ancestry]
 39195 | Spider:4 | Reached XP level 20. HP: 182/182 MP: 24/24
 39201 | Spider:4 | Got a gossamer rune of Zot
 39235 | Spider:4 | Identified the scarf of the Desert {+Inv, rPois rF+ MP-9
                  | Int+3}
 39781 | Lair:1   | Bought a runed chain mail for 172 gold pieces
 39781 | Lair:1   | Bought a runed chain mail for 172 gold pieces
 40452 | Elf:3    | Paralysed by an air elemental for 1 turns
 41566 | Lair:1   | Bought a glowing buckler for 172 gold pieces
 42066 | Elf:3    | Identified the staff "Uvareh" {rElec Str+3 Dex+3 Air}
 42162 | Elf:3    | Noticed Louise
 42180 | Elf:3    | Killed Louise
 42280 | Elf:3    | Identified the +4 morningstar of Action {heavy, ^Fragile
                  | Fly rElec}
 42508 | Elf:3    | Identified the +7 mace of Inquiry {pain, rN+ Str+4}
 43034 | Elf:3    | Identified the +0 orcbow of Gloom {freeze, Str+3 SInv
                  | Stlth+}
 43093 | Elf:3    | Identified the +4 plate armour of Honesty {^Drain Fly rElec
                  | rPois rC-}
 43365 | Vaults:1 | Entered Level 1 of the Vaults
 43529 | Orc:2    | Bought a shiny kite shield for 262 gold pieces
 43695 | Vaults:1 | Identified the serpent talisman of Card Tricks {rN++ Will+
                  | Int-5}
 43695 | Vaults:1 | Noticed Aizul
 43711 | Vaults:1 | Bought a scroll of acquirement for 780 gold pieces
 43712 | Vaults:1 | Acquired 771 gold pieces
 43820 | D:10     | Noticed Lodul
 43833 | D:10     | Killed Lodul
 44046 | Vaults:1 | Killed Aizul
 44173 | D:10     | Bought a manual of Shapeshifting for 1200 gold pieces
 44316 | Vaults:1 | Reached skill level 5 in Shapeshifting
 44741 | Vaults:1 | Gained mutation: A powerful demonic guardian rushes to your
                  | aid. [demonic ancestry]
 44741 | Vaults:1 | Reached XP level 21. HP: 155/194 MP: 13/25
 44948 | Vaults:1 | Noticed Saint Roka
 44964 | Vaults:1 | Killed Saint Roka
 46582 | Vaults:2 | Reached skill level 10 in Shapeshifting
 48306 | Vaults:2 | Found a staircase to the Crypt.
 48306 | Vaults:2 | Found an ancient bone altar of Kikubaaqudgha.
 48307 | Vaults:2 | Found a basalt altar of Yredelemnul.
 48724 | Vaults:2 | Found a runed translucent gate.
 48724 | Vaults:2 | Found a runed translucent gate.
 48724 | Vaults:2 | Found a runed translucent gate.
 48725 | Vaults:2 | Noticed Izusibb's ghost (veteran DjCj)
 48725 | Vaults:2 | Noticed Caqes's ghost (veteran CoBe)
 49365 | Vaults:3 | Identified the orb of Dawn {light, rElec rCorr SInv}
 49365 | Vaults:3 | Noticed Frederick
 49388 | Vaults:3 | Killed Frederick
 49859 | Vaults:3 | Found Efreubba's Armour Boutique.
 49869 | Vaults:3 | Noticed Nikola
 49890 | Vaults:3 | Killed Nikola
 51432 | Vaults:3 | Reached skill level 15 in Shapeshifting
 52119 | Vaults:4 | Reached XP level 22. HP: 202/202 MP: 26/26
 52885 | Vaults:4 | Found Zudiwnul's Antique Weapon Boutique.
 53451 | Vaults:4 | Reached skill level 24 in Fighting
 53511 | Vaults:4 | Paralysed by a sphinx for 2 turns
 53585 | Vaults:4 | Found Ysynab's Magic Scroll Shop.
 54269 | Vaults:4 | Got the Secrets of the Raven
 54838 | Vaults:4 | Found Wuuqe's Weapon Emporium.
 54926 | Vaults:4 | Found Tugec's Weapon Emporium.
 55404 | Crypt:1  | Entered Level 1 of the Crypt
 56222 | Crypt:1  | Got the Papyrus of the Becharmed Sky
 56280 | Crypt:1  | Found a hide-covered altar of Uskayaw.
 56556 | Crypt:2  | Reached skill level 1 in Translocations
 56730 | Crypt:2  | Noticed Bai Suzhen
 56762 | Crypt:2  | Killed Bai Suzhen
 56763 | Crypt:2  | Reached skill level 10 in Evocations
 56779 | Crypt:2  | Noticed Jory
 56793 | Crypt:2  | Killed Jory
 56797 | Crypt:2  | Noticed Khufu
 56903 | Crypt:2  | Killed Khufu
 56904 | Crypt:2  | Gained mutation: Your magical and physical power is greatly
                  | enhanced at high health. [demonic ancestry]
 56904 | Crypt:2  | Reached XP level 23. HP: 210/210 MP: 27/27
 57089 | Crypt:2  | Identified the +9 hand axe of the Fool {protect, Will+
                  | Int+3}
 57331 | Crypt:2  | Identified the +3 ring mail of Bequeathed Lucidity {Str+2}
 57558 | Crypt:3  | Entered Level 3 of the Crypt
 57937 | Crypt:3  | Found a basalt altar of Yredelemnul.
 58249 | Crypt:3  | Noticed Zenata
 58273 | Crypt:3  | Killed Zenata
 58881 | Crypt:3  | Got the Atlas of Left-Handed Magicks
 58884 | Crypt:3  | Identified the +2 hand axe of the Apocalypse {venom, Str+4
                  | Stlth+}
 58924 | Crypt:3  | Learned a level 2 spell: Lesser Beckoning
 58929 | Crypt:3  | Learned a level 4 spell: Manifold Assault
 59024 | Crypt:3  | Identified the ring of Traps {rCorr Str+4}
 59173 | Crypt:3  | HP: 11/253 [something (18)]
 59175 | Crypt:3  | Found a staircase to the Tomb.
 59362 | Crypt:3  | Identified the ring of Xom's Attic {rN++ Int+6 Dex+3}
 59362 | Crypt:3  | Identified the amulet "Moecarphy" {Acrobat Fly rPois Regen+
                  | Slay-5}
 59362 | Crypt:3  | Identified the ring of Barod {^Drain rN++ Int+3 Dex+2
                  | Slay+4}
 59618 | Vaults:1 | Bought a scroll of immolation for 84 gold pieces
 59618 | Vaults:1 | Bought a scroll of immolation for 84 gold pieces
 60547 | Depths:1 | Entered Level 1 of the Depths
 60575 | Depths:1 | Noticed Mara
 60580 | Depths:1 | Noticed sdynet's illusion
 60593 | D:15     | Killed Mara
 60726 | Depths:1 | Reached skill level 5 in Spellcasting
 60795 | Depths:1 | Reached skill level 5 in Translocations
 60940 | Depths:1 | Found a gateway to Hell.
 60969 | Depths:1 | Found a one-way gate to the infinite horrors of the Abyss.
 61326 | Depths:1 | Found a sacrificial altar of Ru.
 61540 | Depths:1 | Learned a level 3 spell: Teleport Other
 61591 | Depths:1 | Found Mowonero's Book Shop.
 61591 | Depths:1 | Found Foonin's Jewellery Shoppe.
 61592 | Depths:1 | Found Zunasib's Book Shop.
 61602 | Depths:1 | Bought a manual of Dodging for 1200 gold pieces
 61731 | Depths:2 | Reached skill level 1 in Earth Magic
 62103 | Depths:2 | Identified the +7 broad axe "Woarem" {speed, rC+ rCorr}
 62498 | Depths:2 | Found a one-way gate leading to the halls of Pandemonium.
 62618 | Depths:2 | Found a portal to a secret trove of treasure.
 62663 | Depths:2 | Reached XP level 24. HP: 202/219 MP: 27/36
 62828 | Depths:2 | Reached skill level 10 in Spellcasting
 63711 | Depths:2 | Learned a level 5 spell: Summon Forest
 63718 | Depths:2 | Learned a level 6 spell: Dispersal
 64733 | Depths:3 | Reached skill level 1 in Summonings
 64741 | Depths:3 | Reached skill level 25 in Fighting
 64956 | Depths:3 | Identified the +1 sling of Beyond {drain, rElec rPois rC-
                  | rCorr}
 65371 | Depths:3 | Found a one-way gateway to a ziggurat.
 66121 | Depths:4 | Entered Level 4 of the Depths
 66121 | Depths:4 | Found a shimmering blue altar of Sif Muna.
 66156 | Depths:4 | Reached skill level 10 in Translocations
 66474 | Depths:4 | Found a runed translucent door.
 66474 | Depths:4 | Noticed a juggernaut
 66476 | Depths:4 | Noticed Vyimam's ghost (adept TrGl)
 66565 | Depths:4 | Reached XP level 25. HP: 224/227 MP: 18/40
 66800 | Depths:4 | Found a gate to the Realm of Zot.
 67580 | Depths:4 | Killed a juggernaut
 67585 | Depths:4 | Killed Vyimam's ghost
 67822 | D:10     | Bought a manual of Summonings for 1200 gold pieces
 68109 | Vaults:5 | Entered Level 5 of the Vaults
 68334 | Vaults:5 | Reached skill level 5 in Summonings
 69195 | Vaults:5 | Identified the +5 whip of the Hawk {flame, rPois Will+
                  | Dex+4}
 69331 | Vaults:5 | Identified the +9 scimitar of Duditroi {spect, Str+4}
 69331 | Vaults:5 | Identified the +4 arbalest of the Extremes {flame, rElec
                  | Stlth+}
 69333 | Vaults:5 | Identified the ring "Betits" {*Corrode +Blink rPois MP+9
                  | Int+2}
 69702 | Vaults:5 | Identified the ring of Discord {EV+5 Int-5 Dex+3 Slay+5}
 70274 | Vaults:5 | Noticed a dread lich
 70282 | Vaults:5 | Killed a dread lich
 70322 | Vaults:5 | Noticed an ancient lich
 70331 | Vaults:5 | Killed an ancient lich
 70625 | Vaults:5 | Got a silver rune of Zot
 71122 | Vaults:2 | Killed Izusibb's ghost
 71127 | Vaults:2 | Killed Caqes's ghost
 71499 | Slime:1  | Entered Level 1 of the Pits of Slime
 71587 | Slime:1  | Reached XP level 26. HP: 155/235 MP: 32/40
 71774 | Slime:1  | Learned a level 7 spell: Malign Gateway
 71850 | Slime:2  | Gained mutation: Your spells are harder to cast, but more
                  | powerful. [a shining eye]
 74130 | Slime:5  | Entered Level 5 of the Pits of Slime
 74472 | Slime:5  | Noticed the Royal Jelly
 74488 | Slime:5  | Killed the Royal Jelly
 74661 | Slime:5  | Identified the ring of Uvvobb {rPois Will+ AC+4}
 74666 | Slime:5  | Identified the +1 arbalest of the Reaper {drain, Str+3}
 74700 | Slime:5  | Identified the +5 spear "Dragonbane" {drain, rPois Will+
                  | rCorr}
 74707 | Slime:5  | Identified the storm talisman "Imubizid" {rCorr Str+4}
 74732 | Slime:5  | Got a slimy rune of Zot
 74733 | Slime:5  | Identified the staff "Qaazi" {*Slow rPois rC+ Summ Tloc Ice
                  | Air}
 74783 | Slime:5  | Found the +10 zealot's sword {holy, Zealotry, *Rage rN+
                  | EV+3}
 74946 | Slime:5  | Identified the amulet "Yddumic" {Faith SInv}
 76108 | Vaults:4 | Bought a scroll of revelation for 135 gold pieces
 76432 | Tomb:1   | Entered Level 1 of the Tomb of the Ancients
 76820 | Tomb:1   | Noticed a royal mummy
 76896 | Tomb:1   | Killed a royal mummy
 77038 | Tomb:1   | Noticed a royal mummy
 77052 | Tomb:1   | Killed a royal mummy
 77187 | Tomb:1   | Noticed a royal mummy
 77197 | Tomb:1   | Noticed a royal mummy
 77198 | Tomb:1   | Killed a royal mummy
 77209 | Tomb:1   | Killed a royal mummy
 77495 | Tomb:1   | Got Pizety's Advanced Guide to Gnosis
 77553 | Tomb:1   | Noticed Mennas
 77609 | Tomb:1   | Killed Mennas
 77775 | Tomb:2   | Noticed a royal mummy
 77777 | Tomb:2   | Noticed a royal mummy
 77777 | Tomb:2   | Noticed a royal mummy
 77777 | Tomb:2   | Noticed a royal mummy
 77777 | Tomb:2   | Noticed a royal mummy
 77788 | Tomb:2   | Killed a royal mummy
 77791 | Tomb:2   | Killed a royal mummy
 77796 | Tomb:2   | Killed a royal mummy
 77803 | Tomb:2   | Killed a royal mummy
 77809 | Tomb:2   | Killed a royal mummy
 78662 | Tomb:2   | Reached XP level 27. HP: 238/242 MP: 31/40
 78694 | Tomb:1   | Noticed a royal mummy
 78696 | Tomb:1   | Noticed a royal mummy
 78699 | Tomb:1   | Killed a royal mummy
 78701 | Tomb:1   | Killed a royal mummy
 78724 | Tomb:1   | Noticed a royal mummy
 78724 | Tomb:1   | Noticed a royal mummy
 78731 | Tomb:1   | Killed a royal mummy
 78733 | Tomb:1   | Paralysed by a Zot trap for 5 turns
 78739 | Tomb:1   | Killed a royal mummy
 78833 | Tomb:1   | Noticed a royal mummy
 78836 | Tomb:1   | Noticed a royal mummy
 78841 | Tomb:1   | Killed a royal mummy
 78977 | Tomb:1   | Killed a royal mummy
 79106 | Tomb:1   | Noticed a royal mummy
 79114 | Tomb:1   | Noticed a royal mummy
 79118 | Tomb:1   | Killed a royal mummy
 79126 | Tomb:1   | Killed a royal mummy
 79177 | Tomb:1   | Noticed a royal mummy
 79184 | Tomb:1   | Killed a royal mummy
 79223 | Tomb:1   | Noticed a royal mummy
 79235 | Tomb:1   | Killed a royal mummy
 79236 | Tomb:1   | Noticed a royal mummy
 79240 | Tomb:1   | Noticed a royal mummy
 79245 | Tomb:1   | Killed a royal mummy
 79255 | Tomb:1   | Killed a royal mummy
 79366 | Tomb:1   | Noticed a royal mummy
 79372 | Tomb:1   | Killed a royal mummy
 79990 | Tomb:3   | Entered Level 3 of the Tomb of the Ancients
 80001 | Tomb:3   | Noticed a royal mummy
 80006 | Tomb:3   | Noticed a royal mummy
 80016 | Tomb:3   | Killed a royal mummy
 80018 | Tomb:3   | Noticed a royal mummy
 80022 | Tomb:3   | Killed a royal mummy
 80064 | Tomb:3   | Noticed a royal mummy
 80067 | Tomb:3   | Noticed a royal mummy
 80084 | Tomb:3   | Noticed a royal mummy
 80118 | Tomb:3   | Noticed a royal mummy
 80124 | Tomb:3   | Noticed a royal mummy
 80139 | Tomb:3   | Got a golden rune of Zot
 80630 | Tomb:3   | Found the +10 morningstar "Eos" {elec, Halo rElec}
 80634 | Tomb:3   | Identified the +0 helmet "Zegudgh" {Rampage rN++ Str-4}
 80642 | Tomb:3   | Identified the +8 chain mail of the Barber Surgeon {rCorr
                  | Str+2}
 80648 | Tomb:3   | Identified the +1 plate armour of the Forsaken People
                  | {rPois rC- Will+}
 80649 | Tomb:3   | Identified the staff of Liciplar {^Fragile MP+9 Int+5
                  | Earth}
 80652 | Tomb:3   | Identified the ring "Coall" {rN+++ Str+4 Int+6 Stlth-}
 80654 | Tomb:3   | Identified the ring "Okeoc" {rN+ Will- Str+6 Int+2 Dex+2
                  | SInv}
 80658 | Tomb:3   | Identified the +8 quarterstaff "Fisis" {antimagic, rElec
                  | Str+3 Int+2}
 80674 | Tomb:3   | Identified the ring of Agnosticism {Will- Str+3 Int+2 Dex+2
                  | SInv}
 80707 | Tomb:3   | Identified the ring "Piupnid" {rElec Will+ rCorr Str+3}
 80769 | Tomb:3   | Upgraded the game from 0.32-a0-471-gb91d5d9 to
                  | 0.32-a0-475-g46bb8dd
 81387 | Zot:1    | Entered Level 1 of the Realm of Zot
 81474 | Zot:1    | Found a transporter.
 81474 | Zot:1    | Found a transporter.
 81480 | Zot:1    | Noticed an ancient lich
 81521 | Zot:1    | Identified the +0 chain mail of Resourcefulness {rCorr
                  | Int-2 Dex+2}
 81636 | Zot:1    | Identified the ring of Qafeh {Ice Will- rCorr Str+4}
 81636 | Zot:1    | Noticed Josephina
 81657 | Zot:1    | Killed Josephina
 81870 | Zot:1    | Noticed korenl137's ghost (legendary MfGl)
 82928 | Zot:1    | You fall into a shaft and drop 1 floor!
 83002 | Zot:1    | Reached skill level 15 in Spellcasting
 83239 | Zot:2    | Noticed an orb of fire
 83258 | Zot:2    | Killed an orb of fire
 84061 | Zot:2    | Reached skill level 26 in Fighting
 84560 | Zot:3    | Found a transporter.
 84566 | Zot:3    | Found a transporter.
 84567 | Zot:3    | Found a transporter.
 84570 | Zot:3    | Found a transporter.
 84608 | Zot:3    | Found a shimmering altar of Xom.
 84608 | Zot:3    | Found a shimmering altar of Xom.
 84669 | Zot:3    | Found a shimmering altar of Xom.
 84669 | Zot:3    | Found a shimmering altar of Xom.
 84689 | Zot:3    | Noticed an orb of fire
 84702 | Zot:3    | Killed an orb of fire
 85698 | Zot:4    | Got the Book of Shivering Rallying
 85704 | Zot:4    | Learned a level 4 spell: Passage of Golubria
 86402 | Zot:5    | Entered Level 5 of the Realm of Zot
 86406 | Zot:5    | Noticed a dread lich
 87021 | Zot:5    | Killed a dread lich
 87022 | Zot:5    | Reached skill level 27 in Fighting
 87022 | Zot:5    | Noticed an orb of fire
 87094 | Zot:5    | Noticed an orb of fire
 87102 | Zot:5    | Killed an orb of fire
 87121 | Zot:5    | Noticed a dread lich
 87127 | Zot:5    | Killed a dread lich
 87735 | Zot:5    | Got the Orb of Zot
 88342 | D:$      | Escaped with the Orb!

Illustrated notes

Levels and vault maps discovered:
D:1:      lemuel_arrival_rhombus, layout_loops_ring, hex_tiny,
          nicolae_concentric_dashed_squares_mild, kennysheep_pointless_box,
          bh_walls_and_bars
D:2:      layout_loops_ring, minmay_fountain_box, minmay_cut_off
D:3:      layout_loops_corners, uniq_grinder
D:4:      layout_rooms, serial_shops, nicolae_shop_advertising_works
          [nicolae_subvault_shop_adworks], kennysheep_generic_room_8
D:5:      minmay_opposing_rooms, layout_rooms, minmay_temple_entry_overgrown
D:6:      layout_loops_ring
D:7:      layout_loops_ring, serial_shops, shop, nicolae_shop_peninsula, shop,
          shop
D:8:      layout_loops_ring, david_lair_generic
D:9:      layout_roguey, nicolae_dithmenos_the_darkroom,
          kennysheep_orc_monster_closet_entryway, kennysheep_boxes
D:10:     layout_irregular_city, lemuel_doored_altar, nicolae_shop_self_help,
          uniq_joseph, uniq_maggie, uniq_lodul
D:11:     layout_basic, nicolae_specific_store, worms_lemuel, uniq_harold
D:12:     layout_rooms, serial_shops, nicolae_shop_statue_plus, minmay_circle_x,
          uniq_rupert
D:13:     layout_rooms, hellmonk_vaults_attempted_burglary, serial_shops, shop,
          nicolae_blasting_shop, einodemon_crawler_minivault
D:14:     layout_irregular_city, bloody_trog, uniq_kirke
D:15:     gammafunk_depths_entry_grave, layout_basic, kennysheep_crisscross,
          hangedman_decor_growths, hangedman_abyss_or_decor_slice,
          grunt_decor_cap, nicolae_diode_intersection
Temple:   mainiacjoe_temple_big_plus
Lair:1:   layout_regular_city, gammafunk_ghost_arena, serial_bayou_shore_a,
          grunt_megastairs_2
Lair:2:   layout_regular_city, alex1729_swamp_entry_worm_eleionoma,
          spider_nest_entry_funnel_web, uniq_urug
Lair:3:   layout_loops_ring, nzn_masters_of_martial_movement,
          infiniplex_staircase_pool, lemuel_fruit_tree
Lair:4:   layout_regular_city, minmay_slime_entry_pillars,
          gauntlet_entry_generic, grunt_megastairs_1
Lair:5:   due_jungle_book, layout_regular_city, grunt_megastairs_3
Swamp:1:  layout_basic_swamp, hellmonk_ghost_happy_afterlife,
          nicolae_swamp_feature_on_the_river_bank
Swamp:2:  layout_basic_swamp, serial_swamp_ruin, evilmike_swamp_ruin_house_2,
          evilmike_swamp_ruin_house_6, evilmike_swamp_ruin_wall
Swamp:3:  layout_falls_marsh, gammafunk_ghost_arena, hangedman_swamp_ruin_wall
Swamp:4:  swamp_pestilence, layout_basic_swamp, nicolae_swamp_treefoil,
          swamp_pool_3
Spider:1: layout_spider_delve
Spider:2: layout_spider_delve
Spider:3: layout_spider_delve, drop_trap
Spider:4: grunt_spider_rune_parallel, uniq_donald
Slime:1:  cheibrodos_slime_lost_civilization_2, layout_caves
Slime:2:  layout_caves
Slime:3:  layout_caves
Slime:4:  layout_caves
Slime:5:  slime_pit_nicolae_amoeboid
Orc:1:    layout_caves, nicolae_orc_damp_corner
Orc:2:    grunt_orc_tribal_feast, layout_caves, mines1_david, uniq_jorgrun
Elf:1:    minmay_elf_arrival_circle, layout_gridlike, serial_shops,
          nicolae_square_shop, minmay_elf_sorcery, orc_legates
Elf:2:    nicolae_elf_blades_crystal_corner, layout_loops_cross, serial_shops,
          nicolae_stop_n_shop_2, st_stairs_4, corexii_hall_statues_t
Elf:3:    elf_hall, layout_loops_cross, guppyfry_library_mini, minmay_shop_star,
          uniq_louise, uniq_norris
Vaults:1: nicolae_vaults_oval_intersection, nicolae_vaults_trapezoid_4,
          nicolae_vaults_diamond_2, nicolae_vaults_triangles,
          vaults_room_stairs_pillars, nicolae_vaults_weapon_check,
          layout_vaults_big_room, uniq_aizul, uniq_saint_roka
Vaults:2: gammafunk_ghost_cemetery, nicolae_vaults_shipping_containers_3,
          nicolae_vaults_storage_closets_3, minmay_crypt_entry_necro_gods,
          vaults_room_grid, vaults_standard_mumra_x, grunt_vaults_bifocal,
          hangedman_vaults_nails, nicolae_vaults_little_ls,
          hangedman_vaults_locks, ontoclasm_vaults_ligature, v_misc_25,
          nicolae_vaults_trapezoid_lopsided_1, nicolae_vaults_sesquioval_fish,
          hangedman_vaults_stretched_pinwheel, layout_vaults_omnibox
Vaults:3: vaults_mumra_minichess_inversion, v_misc_33,
          nicolae_vaults_double_plus_1, nicolae_vaults_tetromino_L_1,
          vaults_mumra_hex, nicolae_vaults_storage_closets_1,
          hangedman_vaults_maws, nicolae_vaults_apartment_2,
          layout_vaults_omnigrid, serial_shops, shop, uniq_nikola,
          uniq_frederick
Vaults:4: vaults_standard_mumra_lines, nicolae_vaults_c_with_doors,
          nicolae_vaults_closet_pinwheel_3, nicolae_vaults_wine_cellar,
          ontoclasm_vaults_pinch, nicolae_vaults_asterisk,
          hangedman_vaults_variations, hangedman_vaults_maws,
          ontoclasm_vaults_twist, nicolae_vaults_offset_grid_hallway_4,
          vaults_room_semicircle, vaults_room_boxed, layout_vaults_omnicross,
          serial_shops, shop, nicolae_shop_bloodbath_and_beyond, shop,
          shop_statue, serial_magic_research, hangedman_research_toxicology
Vaults:5
Crypt:1:  layout_regular_city, nicolae_danse_macabre
Crypt:2:  layout_regular_city, grunt_ministairs_6, minivault_27, uniq_khufu,
          uniq_jory, uniq_bai_suzhen
Crypt:3:  grunt_crypt_end_deaths_head, uniq_zenata, uniq_margery
Tomb:1:   uniq_mennas
Tomb:2
Tomb:3
Depths:1: layout_big_octagon, nrook_mini_backslash, hell_entry,
          serial_column_ruins, column_ruins_columns_straight,
          column_ruins_open_small, column_ruins_corridor_corner,
          column_ruins_grid_3, column_ruins_open_tiny, column_ruins_grid_3,
          abyss_entry, nicolae_ru_sacrificial_ziggurat, minmay_shop_grove,
          uniq_mara
Depths:2: cross_vault, layout_gridlike, pan_entry,
          nicolae_trove_entry_free_sample, grunt_hell_entry_dis_old,
          minmay_misc_feat_tiny, abyss_entry
Depths:3: minmay_big_diamond_grid, layout_basic, enter_ziggurat_c,
          hangedman_coc_ice_floe, hangedman_decor_points, abyss_entry_crystal,
          nicolae_two_hexagons
Depths:4: grunt_zot_entry_alcove, layout_cave_pools, ebering_ghost_inner_flame,
          special_room [special_room_jelly], hangedman_tar_grid_catacomb,
          minmay_room_of_horrors, minmay_misc_feat_columns,
          nicolae_sif_muna_condensation, serial_bayou_shore_b
Zot:1:    layout_twisted_circle, nzn_ghost_randoct, uniq_josephina
Zot:2:    layout_basic, regret_index_zotdec_stipple_waver,
          hellmonk_formless_pools
Zot:3:    dreamdust_zin_vs_xom, layout_basic, nicolae_transporter_circle
Zot:4:    layout_basic
Zot:5:    layout_gridlike, st_stairs_1, hangedman_zot_decor_slant,
          hangedman_zot_decor_scrapings

Skill      XL: |  1  2  3  4  5  6  7  8  9 10 11 12 13 14 15 16 17 18 19 20 21 22 23 24 25 26 27 |
---------------+----------------------------------------------------------------------------------+-----
Stealth        | 1 6 9 |  9.0
Shapeshifting  | 3 4 6 15 16 17 19 22 23 | 23.3
Fighting       | 2 3 4 5 6 8 10 11 13 14 16 17 19 20 21 22 23 24 25 27 | 27.0
Dodging        | 2 8 10 13 15 16 17 18 | 18.0
Unarmed Combat | 3 5 7 9 11 13 15 16 17 18 19 20 21 22 25 | 25.4
Evocations     | 1 4 6 7 10 11 12 | 12.0
Spellcasting   | 3 9 13 15 | 15.0
Translocations | 2 7 11 13 | 13.0
Earth Magic    | 1 4 |  4.0
Summonings     | 1 7 9 |  9.0

Action                     |  1- 3 |  4- 6 |  7- 9 | 10-12 | 13-15 | 16-18 | 19-21 | 22-24 | 25-27 || total
---------------------------+-------+-------+-------+-------+-------+-------+-------+-------+-------++-------
  Melee: Unarmed           |   109 |   150 |   155 |   417 |   917 |  1145 |   792 |  1364 |  1565 ||  6614
         Headbutt          |    13 |    23 |    86 |   140 |   266 |   388 |   120 |   107 |   270 ||  1413
         Punch             |     3 |     7 |     1 |       |       |       |    12 |    29 |    42 ||    94
         Hand axe          |       |       |    99 |    22 |       |       |       |       |       ||   121
         Constrict         |       |       |       |       |       |       |    71 |   157 |       ||   228
  Throw: Dart              |       |       |     2 |    56 |    61 |    22 |       |       |       ||   141
         Javelin           |       |       |       |       |    61 |    26 |     5 |       |       ||    92
         Throwing net      |       |       |       |       |     1 |       |     2 |       |       ||     3
   Cast: Manifold Assault  |       |       |       |       |       |       |       |   167 |   366 ||   533
         Lesser Beckoning  |       |       |       |       |       |       |       |     1 |    38 ||    39
         Summon Forest     |       |       |       |       |       |       |       |       |    17 ||    17
         Dispersal         |       |       |       |       |       |       |       |       |     2 ||     2
         Apportation       |       |       |       |       |       |       |       |       |    10 ||    10
         Blink             |       |       |       |       |       |       |       |       |     2 ||     2
 Invoke: Potion Petition   |       |       |       |     1 |     5 |     3 |     2 |     2 |    10 ||    23
         Call Merchant     |       |       |       |       |     2 |       |     3 |     1 |       ||     6
         Bribe Branch      |       |       |       |       |       |       |       |       |     3 ||     3
Ability: Evoke Invisibilit |       |       |       |       |       |       |     1 |       |     2 ||     3
         Blinkbolt         |       |       |       |       |       |       |       |       |     4 ||     4
         Siphon Essence    |       |       |       |       |       |       |       |       |     2 ||     2
  Evoke: Wand              |       |       |    13 |    23 |    22 |     9 |    39 |    40 |    16 ||   162
         Phial of floods   |       |       |       |       |     2 |     1 |     2 |     2 |     1 ||     8
         Sack of spiders   |       |       |       |       |       |     2 |     2 |     4 |     3 ||    11
         Tin of tremorston |       |       |       |       |       |       |       |       |     5 ||     5
         Lightning rod     |       |       |       |       |       |       |       |       |     2 ||     2
         Phantom mirror    |       |       |       |       |       |       |       |       |     3 ||     3
    Use: Potion            |     1 |     4 |       |     6 |    10 |    18 |     2 |    32 |    13 ||    86
         Scroll            |       |     6 |     8 |    10 |    11 |    10 |     4 |    11 |    16 ||    76
   Stab: Sleeping          |     1 |       |       |       |     1 |       |    17 |    19 |    11 ||    49
         Invisible         |       |       |       |    10 |       |       |     4 |    12 |     7 ||    33
         Distracted        |       |       |       |       |     6 |    19 |     8 |    10 |    32 ||    75
         Held in net/web   |       |       |       |       |     1 |       |     4 |       |       ||     5
         Confused          |       |       |       |       |       |       |       |     1 |     1 ||     2
 Armour: Animal skin       |    25 |       |       |       |       |       |       |       |       ||    25
         Plate armour      |    37 |   102 |       |       |       |   950 |    59 |       |       ||  1148
         Skin              |       |    35 |       |       |    51 |       |   177 |   588 |    67 ||   918
         Leather armour    |       |     5 |   186 |   259 |    57 |       |       |       |       ||   507
         Chain mail        |       |       |       |   154 |    93 |     7 |   197 |       |       ||   451
         Scale mail        |       |       |       |       |   363 |       |       |       |       ||   363
         Ice dragon scales |       |       |       |       |    15 |       |       |       |       ||    15
         Robe              |       |       |       |       |   164 |    75 |       |   112 |   304 ||   655
  Dodge: Dodged            |    44 |    32 |   159 |   196 |   377 |   481 |   351 |   799 |   548 ||  2987
  Block: Buckler           |       |       |       |       |       |       |    17 |       |    62 ||    79
         Kite shield       |       |       |       |       |       |       |     4 |       |       ||     4
         Reflection        |       |       |       |       |       |       |     7 |     7 |       ||    14
         Other             |       |       |       |       |       |       |    45 |    36 |       ||    81
         Form:             |       |       |       |     1 |       |       |       |     2 |     2 ||     5
         Serpent           |       |       |       |       |       |       |     1 |     1 |       ||     2
         Blade             |       |       |       |       |       |       |       |     1 |       ||     1
         Flux              |       |       |       |       |       |       |       |     1 |       ||     1
         Storm             |       |       |       |       |       |       |       |       |     5 ||     5
         Death             |       |       |       |       |       |       |       |       |     3 ||     3
         Dragon            |       |       |       |       |       |       |       |       |     1 ||     1

Table legend: (Time is in decaauts)
 A = Elapsed time spent in this place.
 B = Non-inter-level travel time spent in this place.
 C = Inter-level travel time spent in this place.
 D = Time resting spent in this place.
 E = Time spent auto-exploring this place.
 F = Levels seen in this place.
 G = Mean time per level.
                   A        B        C        D        E       F      G
               +--------+--------+--------+--------+--------+-----+--------+
         Total |  86922 |  74401 |  12521 |   2157 |  53194 |  60 | 1448.7 |
       Dungeon |  19895 |  15399 |   4496 |     55 |  12050 |  15 | 1326.3 |
        Temple |     53 |     12 |     41 |      0 |      0 |   1 |   53.0 |
          Lair |   8338 |   6498 |   1840 |    130 |   3998 |   5 | 1667.6 |
         Swamp |   4469 |   4032 |    437 |    130 |   2812 |   4 | 1117.2 |
   Spider Nest |   5066 |   4326 |    740 |    129 |   3293 |   4 | 1266.5 |
    Slime Pits |   3941 |   3697 |    244 |      3 |   2821 |   5 |  788.2 |
  Orcish Mines |   2254 |   1771 |    483 |    143 |   1107 |   2 | 1127.0 |
   Elven Halls |   6154 |   5537 |    617 |    767 |   3185 |   3 | 2051.3 |
        Vaults |  14702 |  12966 |   1736 |    203 |  10188 |   5 | 2940.4 |
         Crypt |   4155 |   3684 |    471 |    292 |   2055 |   3 | 1385.0 |
          Tomb |   4444 |   4074 |    370 |    209 |   2277 |   3 | 1481.3 |
        Depths |   7030 |   6510 |    520 |     32 |   5150 |   4 | 1757.5 |
           Zot |   5650 |   5130 |    520 |      8 |   3920 |   5 | 1130.0 |
      Gauntlet |    764 |    764 |      0 |     54 |    333 |   1 |  764.0 |
               +--------+--------+--------+--------+--------+-----+--------+

Top non-repeatable levels by time:
Vaults:4: 3185 daAuts
Vaults:2: 3079 daAuts
Vaults:1: 2973 daAuts
Vaults:3: 2792 daAuts
Vaults:5: 2671 daAuts
   Elf:3: 2525 daAuts
Depths:2: 2505 daAuts
  Tomb:1: 2398 daAuts
  Lair:1: 2192 daAuts
   Elf:1: 2092 daAuts
     D:9: 2027 daAuts
Depths:3: 2000 daAuts
 Crypt:3: 1925 daAuts
Spider:4: 1909 daAuts
  Lair:2: 1905 daAuts
